 Dungeon Crawl Stone Soup version 0.19.0-19-g8c6edcc (webtiles) character file.

9884 Krapule the Spear-Bearer (level 11, -10/101 HPs)
             Began as a Minotaur Gladiator on Nov 14, 2016.
             Was an Initiate of Gozag.
             Killed from afar by a gargoyle (25 damage)
             ... with a stone arrow
             ... on level 10 of the Dungeon.
             The game lasted 00:32:25 (10499 turns).

Krapule the Spear-Bearer (Minotaur Gladiator)      Turns: 10499, Time: 00:32:27

Health: -10/101    AC: 18    Str: 21    XL:     11   Next: 28%
Magic:  12/12      EV: 11    Int:  8    God:    Gozag
Gold:   1812       SH:  3    Dex: 14    Spells: 0 memorised, 10 levels left

rFire  . . .     SeeInvis .     I - +1 halberd
rCold  . . .     Gourm    .     O - +0 plate armour
rNeg   . . .     Faith    .     (shield currently unavailable)
rPois  .         Spirit   .     J - +1 hat
rElec  .         Reflect  +     l - +0 cloak
rCorr  .         Harm     .     B - +0 pair of gloves
MR     +....                    (no boots)
Stlth  ..........               L - +3 amulet of reflection
                                s - +4 ring of dexterity
                                E - ring of protection from magic

@: no status effects
A: retaliatory headbutt, horns 2
a: Potion Petition, Call Merchant, Bribe Branch, Renounce Religion


You were on level 10 of the Dungeon.
You worshipped Gozag.
Gozag was most pleased with you.
You were not hungry.

You visited 2 branches of the dungeon, and saw 11 of its levels.
You also visited: Ossuary.

You collected 2221 gold pieces.
You paid 409 gold pieces to Gozag.

Inventory:

Hand Weapons
 a - a +1 trident
 I - a +1 halberd (weapon)
 R - the +16 mace of Variability {chaos}
   (You found it on level 9 of the Dungeon)

   Each time it hits an enemy it has a different, random effect.
Missiles
 d - 5 throwing nets (quivered)
Armour
 l - a +0 cloak (worn)
 B - a +0 pair of gloves (worn)
 J - a +1 hat (worn)
 O - a +0 plate armour (worn)
Jewellery
 c - an uncursed ring of fire {unknown}
 n - an uncursed ring of wizardry
 s - a +4 ring of dexterity (right hand)
 A - a +3 ring of dexterity
 E - a ring of protection from magic (left hand)
 L - a +3 amulet of reflection (around neck)
 P - a cursed amulet of inaccuracy {unknown}
Wands
 e - a wand of heal wounds (4/9)
 w - a wand of digging (10/24)
 C - a wand of enslavement (15/24)
 M - a wand of digging (13/24)
 T - a wand of teleportation (3/9)
Scrolls
 g - a scroll of identify
 i - 4 scrolls of remove curse
 t - 4 scrolls of magic mapping
 u - a scroll of fear
 x - 3 scrolls of amnesia {unknown}
 D - 4 scrolls of teleportation
 F - a scroll of enchant armour
 G - a scroll of fog {unknown}
 N - a scroll of summoning {unknown}
Potions
 b - 4 potions of agility
 j - a potion of lignification
 k - 5 potions of heal wounds
 m - 4 potions of flight
 o - 5 potions of brilliance
 p - a potion of mutation
 q - 2 potions of cancellation
 r - a potion of cure mutation
 v - a potion of curing
 z - a potion of might
 K - a potion of berserk rage
 S - a potion of haste {unknown}
Books
 y - a book of Party Tricks

   Spells                             Type                      Level
   a - Summon Butterflies             Summoning                    1
   b - Apportation                    Translocation                1
   c - Lesser Beckoning               Translocation                3
   d - Tukima's Dance                 Hexes                        3
   e - Alistair's Intoxication        Transmutation/Poison         5
   f - Invisibility                   Hexes                        6
 Q - a book of Minor Magic

   Spells                             Type                      Level
   a - Magic Dart                     Conjuration                  1
   b - Blink                          Translocation                2
   c - Call Imp                       Summoning                    2
   d - Repel Missiles                 Charms/Air                   2
   e - Slow                           Hexes                        2
   f - Conjure Flame                  Conjuration/Fire             3
   g - Mephitic Cloud                 Conjuration/Poison/Air       3
Comestibles
 f - 5 bread rations
 h - 7 meat rations


   Skills:
 + Level 10.6 Fighting
 + Level 11.0 Polearms
 - Level 2.0 Throwing
 + Level 10.0 Armour
 + Level 10.1 Dodging
 + Level 3.6 Evocations


You had 10 spell levels left.
You didn't know any spells.

Dungeon Overview and Level Annotations

Branches:
Dungeon (10/15)            Temple (1/1) D:4            Lair (0/6) D:10
    Orc: D:9-12

Altars:
Ashenzari
Cheibriados
Dithmenos
Elyvilon
Fedhas
Gozag
Hepliaklqana
Kikubaaqudgha
Makhleb
Nemelex Xobeh
Okawaru
Qazlal
Ru
Sif Muna
Trog
Uskayaw
Vehumet
Xom
Yredelemnul
Zin
The Shining One

Shops:
D:4 }


Innate Abilities, Weirdness & Mutations

You reflexively headbutt those who attack you in melee.
You have a pair of horns on your head.


Message History

The gargoyle is lightly damaged.
The gargoyle hurls a stone arrow at you.
The stone arrow hits you!
You barely miss the gargoyle.
The gargoyle is lightly damaged.
The gargoyle hits you with a mace!
Your plate armour prevents you from hitting the gargoyle.
The gargoyle is lightly damaged.
The gargoyle hits you but does no damage.
The gargoyle hurls a stone arrow at you.
The stone arrow misses you.
The gargoyle hurls a stone arrow at you.
The stone arrow hits you!
The gargoyle hurls a stone arrow at you.
The stone arrow hits you!
* * * LOW HITPOINT WARNING * * *
The gargoyle hurls a stone arrow at you.
The stone arrow hits you!
You die...
Your body crumbles into a pile of gold.

##########
#####........#############
#....$....................
#.........................
####........................$
.............................
#...........%.............
#..$<....@...9............
#.........................
#..............≈$.........
#..$.....≈..≈..≈.$....≈...
#........≈..≈≈≈.≈≈..≈≈....
#........≈≈≈≈≈≈≈≈≈≈≈≈≈≈≈..
#.>..?.≈..≈≈≈≈.≈≈≈≈≈≈≈≈≈≈.
.........≈≈≈..≈...≈≈≈≈....
##......≈≈.≈≈≈...≈≈≈≈≈≈≈≈$.


You could see a gargoyle.

Vanquished Creatures
  An unseen horror (D:10)
  2 hill giants (D:10)
  Pikel (D:7)
  Joseph (D:8)
  2 trolls (D:10)
  Grinder (D:3)
  2 hippogriffs
  A spriggan (D:9)
  A wyvern (D:9)
  Eustachio (D:4)
  Grum (D:8)
  2 hungry ghosts
  3 chaos spawn (D:9)
  The ghost of vev the Ducker, an amateur HaFE (Ossuary)
  Duvessa (D:7)
  2 slaves (D:7)
  2 necrophages
  2 orc warriors
  3 phantoms
  3 black bears
  4 ice beasts
  2 sky beasts
  4 ogres
  4 wolves
  The ghost of cedor the Slasher, an amateur DsMo of Kikubaaqudgha (D:3)
  6 centaurs
  4 bullfrogs
  Dowan (D:7)
  2 scorpions
  11 killer bees
  3 electric eels (D:10)
  5 crimson imps
  3 centaur zombies (Ossuary)
  A jelly (D:6)
  A human zombie (Ossuary)
  3 bullfrog skeletons
  7 orc wizards
  2 orc priests
  9 hounds
  2 centaur skeletons
  5 iguanas
  6 worker ants
  A big kobold zombie (Ossuary)
  2 hound skeletons
  2 mummies (Ossuary)
  Robin (D:2)
  11 adders
  A shadow imp (D:9)
  An ooze (D:3)
  An adder zombie (Ossuary)
  An adder skeleton (D:5)
  3 worms
  2 dart slugs
  6 leopard geckos
  25 orcs
  5 giant cockroaches
  8 goblins
  7 hobgoblins
  13 jackals
  3 quokkas
  6 bats
  2 frilled lizards (D:2)
  10 hobgoblin zombies (Ossuary)
  A jackal zombie (Ossuary)
  7 kobolds
  10 kobold zombies (Ossuary)
  2 leopard gecko skeletons (D:5)
  8 orc zombies (Ossuary)
  A quokka zombie (D:7)
  6 rats
  3 rat zombies
  A fungus (D:3)
269 creatures vanquished.

Vanquished Creatures (others)
  A slave (D:7)
  2 scorpions (D:7)
  A hound (D:7)
  A giant cockroach (D:7)
5 creatures vanquished.

Grand Total: 274 creatures vanquished

Notes
Turn   | Place    | Note
-------+----------+-------------------------------------------
     0 | D:1      | Krapule the Minotaur Gladiator began the quest for the Orb.
     0 | D:1      | Reached XP level 1. HP: 18/18 MP: 0/0
   349 | D:1      | Reached XP level 2. HP: 25/25 MP: 1/1
   948 | D:2      | Found a shimmering altar of Xom.
   948 | D:2      | Found a shimmering altar of Xom.
   948 | D:2      | Found a shimmering altar of Xom.
   949 | D:2      | Found a shimmering altar of Xom.
  1035 | D:2      | Reached skill level 1 in Armour
  1078 | D:2      | Noticed Robin
  1081 | D:2      | Reached XP level 3. HP: 26/30 MP: 2/2
  1089 | D:2      | Killed Robin
  1089 | D:2      | Reached skill level 4 in Polearms
  1240 | D:2      | Found a shimmering altar of Xom.
  1365 | D:2      | Reached XP level 4. HP: 38/38 MP: 3/3
  1554 | D:3      | Noticed cedor's ghost (amateur DsMo)
  1565 | D:3      | Killed cedor's ghost
  1565 | D:3      | Reached XP level 5. HP: 15/46 MP: 4/4
  1865 | D:3      | Found an iron altar of Okawaru.
  1989 | D:3      | Noticed Grinder
  2011 | D:3      | Paralysed by Grinder for 3 turns
  2022 | D:3      | Paralysed by Grinder for 7 turns
  2033 | D:3      | Killed Grinder
  2033 | D:3      | Reached skill level 5 in Polearms
  2033 | D:3      | Reached skill level 5 in Dodging
  2033 | D:3      | Reached XP level 6. HP: 29/53 MP: 5/5
  2060 | D:3      | Found a white marble altar of Elyvilon.
  2444 | D:4      | Found a staircase to the Ecumenical Temple.
  2460 | Temple   | Entered the Ecumenical Temple
  2587 | Temple   | Became a worshipper of Gozag Ym Sagoz the Greedy
  2818 | D:4      | Reached XP level 7. HP: 47/60 MP: 6/6
  2836 | D:4      | Found a shattered altar of Ashenzari.
  2849 | D:4      | Reached skill level 5 in Fighting
  2880 | D:4      | Reached skill level 6 in Polearms
  3153 | D:4      | Found Hucapluxe's Gadget Shop.
  3337 | D:4      | Noticed Eustachio
  3615 | D:4      | Killed Eustachio
  3737 | D:5      | Entered Level 5 of the Dungeon
  3737 | D:5      | Found a snail-covered altar of Cheibriados.
  3777 | D:5      | Reached skill level 5 in Armour
  3919 | D:5      | Reached XP level 8. HP: 62/67 MP: 7/7
  4181 | D:5      | Found a burning altar of Makhleb.
  4322 | D:5      | Reached skill level 7 in Polearms
  5197 | D:7      | Noticed Pikel
  5211 | D:7      | Killed Pikel
  5211 | D:7      | Reached skill level 8 in Polearms
  5211 | D:7      | Reached XP level 9. HP: 73/76 MP: 8/8
  5212 | D:7      | Found a sand-covered staircase.
  5229 | Ossuary  | Entered an ossuary
  5240 | Ossuary  | Noticed vev's ghost (amateur HaFE)
  5253 | Ossuary  | Killed vev's ghost
  5930 | D:7      | Noticed Duvessa
  5930 | D:7      | Noticed Dowan
  5942 | D:7      | Killed Duvessa
  5951 | D:7      | Killed Dowan
  5951 | D:7      | Reached skill level 9 in Polearms
  6447 | D:8      | Noticed Joseph
  6459 | D:8      | Noticed Grum
  6467 | D:8      | Reached XP level 10. HP: 73/87 MP: 9/9
  6479 | D:8      | Killed Joseph
  6501 | D:8      | Killed Grum
  7275 | D:9      | Found a shimmering altar of Xom.
  7301 | D:9      | Reached skill level 10 in Polearms
  7309 | D:9      | Reached skill level 1 in Evocations
  8361 | D:10     | Entered Level 10 of the Dungeon
  8375 | D:9      | Reached skill level 10 in Fighting
  8757 | D:10     | Noticed a hill giant
  8769 | D:10     | Killed a hill giant
  8769 | D:10     | Reached XP level 11. HP: 30/100 MP: 12/12
  8779 | D:10     | Killed an unseen horror
  9130 | D:10     | Reached skill level 10 in Dodging
 10034 | D:10     | Noticed a hill giant
 10046 | D:10     | Killed a hill giant
 10046 | D:10     | Reached skill level 11 in Polearms
 10046 | D:10     | Reached skill level 10 in Armour
 10432 | D:10     | Found a staircase to the Lair.
 10499 | D:10     | Killed from afar by a gargoyle

Skill      XL: |  1  2  3  4  5  6  7  8  9 10 11 |
---------------+----------------------------------+-----
Armour         | 1 2 3 4 5 6 8 9 10 | 10.0
Fighting       | 3 4 6 7 8 10 | 10.6
Polearms       | 4 5 6 8 9 10 11 | 11.0
Dodging        | 4 5 6 7 8 9 10 | 10.1
Evocations     | 3 |  3.6
Throwing       | |  2.0

Action                   |  1- 3 |  4- 6 |  7- 9 | 10-12 || total
-------------------------+-------+-------+-------+-------++-------
Melee: Trident           |    93 |   118 |   393 |    39 ||   643
       Headbutt          |     9 |    24 |    81 |    43 ||   157
       Halberd           |       |       |       |   252 ||   252
Invok: Potion Petition   |       |       |     1 |     1 ||     2
Evoke: Wand              |       |     1 |       |     3 ||     4
  Use: Scroll            |     5 |     2 |    14 |     2 ||    23
       Potion            |       |       |       |     2 ||     2
 Stab: Invisible         |       |       |     2 |     3 ||     5
       Distracted        |       |       |       |     2 ||     2
  Eat: Chunk             |     1 |     4 |       |       ||     5
       Bread ration      |       |       |     3 |     2 ||     5
       Pizza             |       |       |     1 |     1 ||     2
       Beef jerky        |       |       |     1 |       ||     1
       Fruit             |       |       |       |     4 ||     4
Armor: Leather armour    |     2 |       |    17 |    34 ||    53
       Chain mail        |    23 |    31 |    49 |       ||   103
       Skin              |       |       |       |    57 ||    57
       Plate armour      |       |       |       |     7 ||     7
Dodge: Dodged            |    31 |    32 |   147 |   173 ||   383
Block: Other             |       |       |    10 |    23 ||    33
       Reflection        |       |       |     1 |     1 ||     2
